[Event "*** Titled Tuesday Blitz"]
[Site "Chess.com"]
[Date "2020.04.14"]
[Round "9"]
[White "SuperCheese"]
[Black "vlad_Sid"]
[Result "0-1"]
[WhiteElo "2522"]
[BlackElo "2651"]
[TimeControl "180+1"]
[EndTime "11:43:48 PDT"]
[Termination "vlad_Sid won on time"]

1. d4 Nf6 2. c4 c5 3. d5 b5 4.
cxb5 a6 5. bxa6 g6 6. Nc3 Bg7 7.
e4 O-O 8. e5 Ne8 9. h4 Bxe5 10.
h5 Qb6 11. Nf3 Bg7 12. Qc2 Bxa6 13. Ng5 Nf6 14. hxg6 fxg6 15. a3 Bxf1 16. Kxf1 Na6 17. Kg1 Nb4 18. Qe2 Qa6 19. Qd1 Qd3 20. Bd2 Nbxd5 21.
Rh3 Nxc3 22. Bxc3 Qxd1+ 23. Rxd1 h6 24. Nf3 d6 25. Nh4 Kh7 26. Rg3 Ne4 27. Bxg7 Kxg7 28. Rxg6+ Kh7 29. Re1 Rf4 30. Re6 Nxf2 31. Rxe7+ Kg8 32.
Ng6 Rf6 33. Re8+ Rxe8 34. Rxe8+ Kg7 35. Nh4 Nd3 36. Re7+ Kf8 37. Rb7 Re6 38. a4 d5 39.
b3 d4 40. Nf5 Ne5 41. Rb8+ Kf7 42. Rc8 Nd7 43. Rc7 Kf6 44. Ng3 Nf8 45. Ne4+ Rxe4 46.
Rxc5 Ne6 47. Rd5 Re3 48. a5 Rxb3 49. Kf2 Ra3 50. g3 Ra2+ 51. Kf3 Ra3+ 52. Kg4 d3 53.
Kh4 Nc7 54. Rd6+ Ke5 55. Rxh6 Nd5 56. Rh5+ Kd4 0-1

[Event "*** Titled Tuesday Blitz"]
[Site "Chess.com"]
[Date "2020.04.14"]
[Round "9"]
[White "Philosopherrr"]
[Black "Chesswizard_2007"]
[Result "0-1"]
[WhiteElo "2451"]
[BlackElo "2624"]
[TimeControl "180+1"]
[EndTime "11:43:49 PDT"]
[Termination "Chesswizard_2007 won by checkmate"]

1. e4 c5 2. Nf3 d6 3. Bb5+ Nc6 4. c3 a6 5. Ba4 b5 6. Bc2 Nf6 7. O-O e5 8. h3 Be7 9. d4 O-O 10. Re1 Bb7 11. d5 Nb8 12. Nbd2 h6 13. Nf1 Nh7 14. Ng3 Ng5 15. Nh2 Bc8 16. a4 b4 17. cxb4 cxb4 18.
a5 Nd7 19. Nf5 Nc5 20. Nxe7+ Qxe7 21. Nf3 Nxf3+ 22. Qxf3 Bd7 23. Bd2 Rab8 24. Rac1 Kh7 25. Be3 Rbc8 26. Bd2 Rb8 27. Bb1 g6 28. Qe3 g5 29. g4 f6 30. Kg2 Kg7 31. f3 h5 32. Rc4 b3 33. Rb4 Rbc8 34. Rb6 Bb5 35. Bb4 Rc7 36. Rc1 Rfc8 37. Rc3 Qd7 38. gxh5 Kh6 39.
h4 Kxh5 40. hxg5 Rg8 41. Rc1 Rxg5+ 42. Kf2 Qh3 43. Qe1 Nxe4+ 44. Bxe4 Qh2+ 45. Ke3 Qf4+ 46.
Kf2 Rxc1 47. Bd2 Qh2+ 48. Ke3 Rxe1+ 49. Bxe1 Qg1+ 50. Kd2 Qd4+ 51. Kc1 Rg2 52. Rxd6 Qxb2+ 53. Kd1 Be2# 0-1

[Event "*** Titled Tuesday Blitz"]
[Site "Chess.com"]
[Date "2020.04.14"]
[Round "9"]
[White "Keks2017"]
[Black "fabianvivasz"]
[Result "1-0"]
[WhiteElo "2486"]
[BlackElo "2273"]
[TimeControl "180+1"]
[EndTime "11:43:51 PDT"]
[Termination "Keks2017 won by resignation"]

1. e4 e5 2. Nf3 Nc6 3. Bb5 f5 4. Nc3 fxe4 5. Nxe4 Nf6 6. Qe2 d5 7. Nxf6+ gxf6 8. d4 Bg7 9. dxe5 O-O 10. e6 Ne5 11. Bd2 c5 12. Nxe5 fxe5 13. c4 d4 14. Ba4 Bxe6 15. Bc2 Qf6 16. O-O Rae8 17. Be4 Bf5 18. f3 Bxe4 19. Qxe4 Qc6 20. Qxc6 bxc6 21. Rfe1 Rf7 22. b3 d3 23. Re4 Rd7 24. Rd1 Rd4 25. Be3 Rxe4 26. fxe4 Rd8 27. Bxc5 Rd7 28. Be3 Bf8 29. g4 Kf7 30. Kg2 Ke6 31. Kg3 Bb4 32.
h4 d2 33. Kf3 a5 34. Ke2 Rg7 35. g5 h6 36. gxh6 Rg2+ 37. Kf3 Rh2 38. Bg5 Kf7 39. Kg3 Re2 40. Kg4 Kg6 41. h5+ Kh7 42. Kf5 Re1 43.
Rxd2 Bxd2 44. Bxd2 Re2 45. Bxa5 Rxa2 46. Bc3 Ra3 47.
Bxe5 Rxb3 48. c5 Rh3 49. Ke6 Kxh6 50. Bd6 Kxh5 51. e5 Kg6 52. Kd7 Kf5 53. e6 Rh7+ 54. e7 Rg7 55. Kd8 Rg8+ 56. e8=Q Rxe8+ 57. Kxe8 Ke6 58. Kd8 Kd5 59. Kc7 1-0

[Event "*** Titled Tuesday Blitz"]
[Site "Chess.com"]
[Date "2020.04.14"]
[Round "9"]
[White "Harsha_Bharathakoti"]
[Black "Tonychess32"]
[Result "1-0"]
[WhiteElo "2808"]
[BlackElo "2618"]
[TimeControl "180+1"]
[EndTime "11:43:54 PDT"]
[Termination "Harsha_Bharathakoti won by resignation"]

1. d4 Nf6 2. c4 e6 3. Nf3 Bb4+ 4. Nbd2 O-O 5. e3 d5 6. a3 Be7 7. b4 a5 8. b5 c6 9. bxc6 bxc6 10. Bb2 Ba6 11.
Be2 c5 12. O-O cxd4 13. Nxd4 dxc4 14. Nxc4 Bxc4 15. Bxc4 Ra7 16. Qe2 Rd7 17. Rab1 Nd5 18. Nf3 Bf6 19. Ne5 Bxe5 20. Bxe5 Nc6 21. Ba1 Nce7 22. Bb5 Rb7 23. Bd3 Rxb1 24. Rxb1 Qd6 25. a4 Nb4 26. Be4 Rd8 27. g3 Ned5 28. Rc1 f6 29.
Bd4 Qd7 30. Qb5 Qxb5 31. axb5 a4 32. Ra1 Rb8 33. Rxa4 Rxb5 34. Ra8+ Kf7 35. Bxh7 Nc6 36.
Bg8+ Kg6 37. Bxe6 Nc7 38. Rc8 Nxd4 39. Bf7+ Kxf7 40. Rxc7+ Kg6 41. exd4 Rd5 42. Rc4 Kf5 43. f3 Ke6 44. Kf2 Ra5 45. Ke3 Ra2 46. h4 Ra3+ 47. Ke4 f5+ 48. Kf4 Rd3 49. h5 Kd5 50. Rc5+ Ke6 51.
Re5+ Kd6 52. Rxf5 Rxd4+ 53. Kg5 Ke6 54. g4 Rd8 55. Kg6 Rd7 56. f4 Rc7 57. Re5+ Kd6 58. Re4 Rb7 59. g5 Kd5 60. Re1 Rb4 61. f5 Re4 62.
Rxe4 1-0

[Event "*** Titled Tuesday Blitz"]
[Site "Chess.com"]
[Date "2020.04.14"]
[Round "9"]
[White "farzadbfd"]
[Black "SavelijTartakover"]
[Result "1-0"]
[WhiteElo "2751"]
[BlackElo "2597"]
[TimeControl "180+1"]
[EndTime "11:43:54 PDT"]
[Termination "farzadbfd won on time"]

1. e4 e6 2. d4 d5 3. exd5 exd5 4. Nf3 Nc6 5. Bd3 Bd6 6. O-O Nge7 7. h3 Bf5 8. Bxf5 Nxf5 9. Re1+ Nfe7 10. Nc3 O-O 11. Nb5 Ng6 12. Nxd6 Qxd6 13. Qd3 Rfe8 14. Bd2 Nf4 15. Qb5 Ne6 16. c3 a6 17. Qd3 h6 18.
Ne5 Nxe5 19. Rxe5 f6 20. Re2 Nf4 21. Bxf4 Qxf4 22. Rae1 Kf7 23. c4 Qd6 24. c5 Qd7 25. Qb3 c6 26. Qf3 Rxe2 27. Rxe2 Re8 28. Rxe8 Kxe8 29. Qg3 Qe7 30. Qb8+ Kf7 31. Kh2 Kg6 32. f3 Qe3 33. Qg3+ Kh7 34. Qg4 g5 35. h4 gxh4 36. Qd7+ Kg6 37. Qg4+ Kh7 38. Qxh4 Qg5 39. Kh3 Kg6 40.
Qg4 f5 41. Qg3 f4 42. Qg4 Kf6 43.
b4 h5 44. Qh4 Kg6 45. Qe1 Qf5+ 46. Kh2 Qg5 47. Qe8+ Kg7 48. Qd7+ Kh6 49. Qe6+ Kg7 50.
Qh3 Kg6 51. a4 Kh6 52. Qe6+ Kg7 53. Qh3 Kh6 54. Kg1 Kg7 55. Kf1 Kh6 56. Qe6+ Kg7 57. Qd7+ Kh6 58. Qxb7 Qf6 59. Qxa6 1-0

[Event "*** Titled Tuesday Blitz"]
[Site "Chess.com"]
[Date "2020.04.14"]
[Round "9"]
[White "trickytock"]
[Black "ketster"]
[Result "1-0"]
[WhiteElo "2515"]
[BlackElo "2292"]
[TimeControl "180+1"]
[EndTime "11:43:54 PDT"]
[Termination "trickytock won on time"]

1. e4 e5 2. Nf3 Nc6 3. Bb5 a6 4. Ba4 Nf6 5. O-O Bc5 6. c3 b5 7. Bb3 d6 8. a4 Bg4 9. h3 Bh5 10. g4 Bg6 11. d4 Bb6 12. Bg5 h6 13. Bh4 O-O 14. Re1 Re8 15. Bd5 Qd7 16. Bxf6 gxf6 17. axb5 axb5 18. Rxa8 Rxa8 19. Na3 b4 20. Nc4 bxc3 21.
bxc3 Rb8 22. Nxb6 Rxb6 23. Qa4 Nb8 24. Qxd7 Nxd7 25. Ra1 c6 26. Bc4 Bxe4 27. Nh4 d5 28.
Bf1 exd4 29. cxd4 Rb4 30. f3 Bg6 31. Ra8+ Nf8 32. Rc8 Rxd4 33. Rxc6 Kg7 34. Kf2 Nd7 35. Ke3 Rd1 36. Be2 Rh1 37. Nxg6 Kxg6 38. Rd6 Ne5 39.
Rxd5 Rxh3 40. Ke4 Rh4 41. Ke3 Rh3 42. Kf2 Rh2+ 43. Ke3 Nc6 44. Rc5 Ne5 45. f4 Rh3+ 46. Ke4 Nd7 47. Rc7 Nf8 48. Bc4 Rh1 49. Bxf7+ Kg7 50.
Bh5+ Kg8 51. Kf5 Rf1 52. Rc4 Rf2 53. Kxf6 Nd7+ 54. Kg6 Nf8+ 55. Kxh6 Ne6 56. f5 1-0

[Event "*** Titled Tuesday Blitz"]
[Site "Chess.com"]
[Date "2020.04.14"]
[Round "9"]
[White "Mourinho_Jose"]
[Black "Spring199"]
[Result "1/2-1/2"]
[WhiteElo "2585"]
[BlackElo "2322"]
[TimeControl "180+1"]
[EndTime "11:43:54 PDT"]
[Termination "Game drawn - insufficient material"]

1. Nf3 Nf6 2. c4 e6 3. g3 d5 4. Bg2 Be7 5. O-O O-O 6. b3 c5 7. Bb2 d4 8. e3 Nc6 9. exd4 cxd4 10. Re1 Re8 11. d3 Bb4 12. Nbd2 Bc3 13. Qc1 Nb4 14. Ne5 Nd7 15. Bxc3 dxc3 16. Qxc3 Nxe5 17. Rxe5 Nxd3 18.
Re3 Nc5 19. b4 Nd7 20. Ne4 Nf6 21. Nxf6+ Qxf6 22. Qxf6 gxf6 23. Rd1 Kf8 24. c5 Ke7 25. Be4 h6 26. f4 Rd8 27. Red3 Rxd3 28. Rxd3 Rb8 29. a4 Bd7 30. b5 a6 31. c6 bxc6 32.
bxc6 Be8 33. Rc3 Kd6 34. Bd3 Bxc6 35. Bxa6 Bxa4 36. Bf1 Bc6 37. Rc2 Rb1 38. Kf2 Bd5 39. Rd2 Ra1 40. Bg2 Ra2 41. Rxa2 Bxa2 42. Ke3 Bd5 43. Bf1 e5 44. Bd3 Kc5 45. h4 Kb4 46. g4 Kc5 47. g5 fxg5 48. fxg5 hxg5 49. h5 f6 50. h6 Bg8 51. h7 Bxh7 52. Bxh7 Kd5 53.
Bf5 Kd6 54. Ke4 Kc5 55. Bg4 Kd6 56. Bf5 Ke7 57. Bg6 Ke6 58. Bf5+ Kd6 59. Bg6 Ke7 60. Bf5 Kf7 61. Kd5 Kg7 62. Ke6 g4 63. Bxg4 e4 64. Kf5 e3 65. Kf4 Kh6 66. Kxe3 Kg5 67. Be2 f5 68. Kf2 f4 69. Bf3 Kf5 70. Be2 Ke5 71. Bf3 Kd4 72. Bg2 f3 73. Bxf3 1/2-1/2

[Event "*** Titled Tuesday Blitz"]
[Site "Chess.com"]
[Date "2020.04.14"]
[Round "9"]
[White "K1TTYGANG"]
[Black "DDTerziev04"]
[Result "1/2-1/2"]
[WhiteElo "2137"]
[BlackElo "2265"]
[TimeControl "180+1"]
[EndTime "11:43:54 PDT"]
[Termination "Game drawn by agreement"]

1. c4 e5 2. Nc3 Nf6 3. g3 Bb4 4.
Bg2 Bxc3 5. bxc3 c6 6. d4 e4 7. Ba3 d6 8. Qc2 Bf5 9. e3 O-O 10. Ne2 Re8 11. O-O d5 12. cxd5 cxd5 13. c4 Nbd7 14.
cxd5 Nxd5 15. Qb3 N7b6 16. Rac1 Qd7 17. Rc5 Rac8 18. Rfc1 Bg4 19. Nc3 Nxc3 20. R1xc3 Bf3 21. Qc2 Rxc5 22. Rxc5 Bxg2 23. Kxg2 Nd5 24. Qb3 Rd8 25. h3 b6 26. Rc2 Qf5 27. Rc1 h5 28. Qd1 g6 29.
Rc6 Rc8 30. Rxc8+ Qxc8 31. Qc1 Qxc1 32. Bxc1 Kf8 33. f3 f5 34. g4 hxg4 35. hxg4 Kf7 36. fxe4 fxe4 37. Kf2 g5 38. Ba3 Ke6 39. Bf8 Nf6 40.
Kg3 Kd5 41. Be7 Nh7 42. Kf2 Ke6 43. Bd8 Kd7 44. Bxg5 Nxg5 45. Kg3 Ke6 46. Kf4 Kf6 47. d5 b5 48. a3 a5 49. d6 Nf7 50. Kxe4 Nxd6+ 51. Kd5 Nc4 52. a4 Nxe3+ 53. Ke4 bxa4 54. Kxe3 Kg5 55. Kd3 Kxg4 56. Kc3 Kf4 57. Kb2 Ke4 58. Ka3 Kd4 1/2-1/2

[Event "*** Titled Tuesday Blitz"]
[Site "Chess.com"]
[Date "2020.04.14"]
[Round "9"]
[White "atbenina64"]
[Black "GMKrikor"]
[Result "0-1"]
[WhiteElo "2513"]
[BlackElo "2691"]
[TimeControl "180+1"]
[EndTime "11:43:55 PDT"]
[Termination "GMKrikor won on time"]

1. d4 Nf6 2. c4 g6 3. Nc3 d5 4.
cxd5 Nxd5 5. e4 Nxc3 6. bxc3 Bg7 7. Bc4 c5 8. Ne2 O-O 9. O-O Nc6 10. Be3 Bg4 11. f3 Bd7 12. Rb1 Qc7 13. Rc1 Rad8 14. Qe1 Na5 15. Bd3 e5 16. Qh4 f6 17. f4 b5 18. fxe5 fxe5 19. d5 c4 20. Bc2 Bc8 21. Rb1 a6 22. Kh1 Nb7 23. a4 Nd6 24.
axb5 axb5 25. Bg5 Rxf1+ 26. Rxf1 Rf8 27. Rxf8+ Bxf8 28. Bf6 Bg7 29. Bd8 Qf7 30. Ng1 h6 31. Nf3 g5 32. Qe1 Bg4 33. Qe3 Qd7 34. Ba5 Nf7 35. Bb4 Bf8 36. h3 Bxf3 37. gxf3 Bxb4 38. cxb4 Nd6 39. Kh2 Qf7 40. Qc5 Qf6 41. Bd1 Kg7 42. Qc7+ Kg6 43. Kg2 Nf7 44. Qd7 Qf4 45. Be2 Qe3 46.
Kf1 Qc1+ 47. Kf2 Qb2 48. Qe8 Qxb4 49. Qg8+ Kf6 50. Kg2 Qc5 51. Qe8 c3 52. Qe6+ Kg7 53.
Qf5 c2 54. d6 c1=Q 0-1

[Event "*** Titled Tuesday Blitz"]
[Site "Chess.com"]
[Date "2020.04.14"]
[Round "9"]
[White "FrogMist"]
[Black "mirciulica14"]
[Result "1-0"]
[WhiteElo "2488"]
[BlackElo "2596"]
[TimeControl "180+1"]
[EndTime "11:43:55 PDT"]
[Termination "FrogMist won by checkmate"]

1. e4 e5 2. Nf3 Nc6 3. Bb5 a6 4. Ba4 Nf6 5. O-O b5 6. Bb3 Bc5 7. d3 d6 8. a3 h6 9. Nc3 Rb8 10. Be3 O-O 11. h3 Nd4 12. Bxd4 Bxd4 13. Nxd4 exd4 14.
Ne2 c5 15. Ng3 Be6 16. f4 c4 17. Ba2 c3 18. b4 Bxa2 19. Rxa2 a5 20. Nf5 Ra8 21. Ra1 Qb6 22. Qf3 axb4 23. axb4 Ra4 24. Rab1 Kh7 25. Qf2 Rb8 26. Nxd4 Ra2 27. Rb3 Rc8 28.
Kh2 Nd7 29. Nf5 Qxf2 30. Rxf2 Rb2 31. Nd4 Rxb3 32. Nxb3 Ra8 33. Na5 Nb6 34. Rf3 Na4 35. d4 Re8 36. e5 dxe5 37. fxe5 Rd8 38. Rd3 Nb2 39. Rxc3 Rxd4 40. Nc6 Rd2 41. Na7 Nc4 42. Nxb5 Nxe5 43. Nc7 Kg6 44. b5 Rd6 45. Rb3 Rb6 46. Nd5 Rb8 47. Ne3 Nd7 48. c4 Kf6 49. Nd5+ Ke5 50. Nc7 Kd6 51. Na6 Ra8 52. Rd3+ Ke7 53. c5 Ke6 54. c6 Nb6 55. Nc7+ Ke5 56. Nxa8 Nxa8 57. Rd7 f6 58. Rb7 Nc7 59. Rxc7 Kd6 60. Rxg7 Ke5 61. Rg6 Kd6 62. Rxh6 Kc5 63. Rxf6 Kxb5 64.
c7 Kc5 65. c8=Q+ Kb4 66. Rb6+ Ka5 67. Qa6# 1-0

[Event "*** Titled Tuesday Blitz"]
[Site "Chess.com"]
[Date "2020.04.14"]
[Round "9"]
[White "Tashik"]
[Black "The_Machine04"]
[Result "1-0"]
[WhiteElo "2547"]
[BlackElo "2378"]
[TimeControl "180+1"]
[EndTime "11:43:55 PDT"]
[Termination "Tashik won by checkmate"]

1. c4 e6 2. Nc3 Nf6 3. e4 c5 4.
e5 Ng8 5. Nf3 d6 6. d4 cxd4 7.
Qxd4 Nc6 8. Qe3 dxe5 9. Nxe5 Nxe5 10. Qxe5 Nf6 11. Bf4 a6 12. Be2 Bd7 13. O-O Be7 14.
Rad1 Qc8 15. b3 Bc6 16. Qg5 O-O 17. Qg3 Kh8 18. Be5 Rd8 19. h4 b5 20. cxb5 axb5 21.
Nxb5 Rxa2 22. Bc4 Bxb5 23. Bxb5 Rxd1 24. Rxd1 h6 25. Bc4 Qb7 26. Qd3 Ra8 27. Qc3 Rc8 28.
Qd2 Rd8 29. Qe2 Rxd1+ 30. Qxd1 Qd7 31. Qxd7 Nxd7 32. Bc3 Nb6 33. Bd3 Nd5 34. Bd2 Nb4 35. Bc4 Kg8 36. Kf1 Kf8 37. Ke2 Bc5 38. Bc3 g6 39. f3 h5 40. g4 Ke7 41. gxh5 gxh5 42. Bd2 f6 43. Bf4 Bd6 44. Bd2 Bg3 45. Bxb4+ Kf7 46.
Be1 Bxe1 47. Kxe1 Ke7 48. Ke2 Kd6 49. Ke3 Kc5 50. Kd3 e5 51. Ke4 Kd6 52. Kf5 Ke7 53. b4 Kd6 54. b5 e4 55. fxe4 Kc5 56. Bf1 Kb4 57. Kxf6 Kc3 58. Kg5 Kd2 59. b6 Ke1 60. b7 Kxf1 61. b8=Q Kf2 62. Qb2+ Kg3 63. Kxh5 Kh3 64.
Kg5 Kg3 65. h5 Kh3 66. h6 Kg3 67. h7 Kf3 68. h8=Q Kg3 69. Qhc3# 1-0

[Event "*** Titled Tuesday Blitz"]
[Site "Chess.com"]
[Date "2020.04.14"]
[Round "9"]
[White "Zurability"]
[Black "Zq1"]
[Result "1-0"]
[WhiteElo "2729"]
[BlackElo "2587"]
[TimeControl "180+1"]
[EndTime "11:43:56 PDT"]
[Termination "Zurability won on time"]

1. Nf3 Nf6 2. c4 e6 3. d4 d5 4. Qc2 Be7 5. Bg5 O-O 6. e3 b6 7.
Nc3 Bb7 8. cxd5 Nxd5 9. Nxd5 Bxd5 10. Bxe7 Qxe7 11. Bd3 h6 12. e4 Bb7 13. O-O Rc8 14.
Rfe1 Nd7 15. Rad1 c5 16. d5 exd5 17. exd5 Qd6 18. Bc4 Re8 19. Qf5 Nf6 20. h3 a6 21.
a4 Rxe1+ 22. Rxe1 Bxd5 23. Rd1 Rd8 24. Bxa6 Qe6 25. Qxe6 fxe6 26. Ne5 Kf8 27. Bb5 Ke7 28. f3 Rc8 29. Kf2 g5 30. h4 gxh4 31. Rh1 h5 32. Rxh4 Kd6 33. Nf7+ Ke7 34. Ne5 Kd6 35. Nc4+ Kc7 36.
Ne3 Bc6 37. Rf4 Nd5 38. Rf7+ Kb8 39. Nc4 Bxb5 40. axb5 Rh8 41. Nd6 Nc7 42. Re7 Rd8 43.
Nc4 Nxb5 44. Nxb6 Nc7 45. Nc4 Rd4 46. b3 Rd3 47. Na5 Rd2+ 48. Kg3 Ra2 49. Nc6+ Kb7 50. Nd8+ Kb6 51. Nxe6 Nd5 52. Rh7 Ne3 53. Nf4 Nf5+ 54. Kh3 Nd4 55. Rxh5 Nxb3 56. Rh8 Nd4 57. Nd5+ Kc6 58.
Nc3 Rc2 59. Ne4 c4 60. Rc8+ Kd5 61. Rc5+ Ke6 62. f4 Ne2 63. g3 Rc1 64. Kg4 c3 65.
f5+ Kd7 66. f6 1-0

[Event "*** Titled Tuesday Blitz"]
[Site "Chess.com"]
[Date "2020.04.14"]
[Round "9"]
[White "chiwii"]
[Black "maxip32"]
[Result "0-1"]
[WhiteElo "2230"]
[BlackElo "2416"]
[TimeControl "180+1"]
[EndTime "11:43:57 PDT"]
[Termination "maxip32 won by checkmate"]

1. e4 c5 2. Nf3 d6 3. d4 cxd4 4. Nxd4 Nf6 5. Nc3 a6 6. Be2 e5 7.
Nf3 h6 8. Nd2 Be7 9. a4 Be6 10.
Nc4 Nbd7 11. Ne3 b6 12. O-O O-O 13. Ned5 Bxd5 14. Nxd5 Nxd5 15. Qxd5 Nf6 16. Qd3 d5 17. exd5 Qxd5 18. Qxd5 Nxd5 19. c3 a5 20. Rd1 Rad8 21.
Bf3 Nf6 22. Be3 e4 23. Be2 Bc5 24. Bf4 Nd5 25. Bg3 e3 26. Bc4 exf2+ 27. Bxf2 Ne3 28. Bxe3 Bxe3+ 29. Kf1 g6 30. Ke2 Bc5 31. Rd3 Rfe8+ 32.
Kd2 Be3+ 33. Kc2 Bf4 34. g3 Bg5 35. Rf1 Re2+ 36. Kb3 Rxd3 37. Bxd3 Re7 38. Bc4 Kg7 39. h4 Be3 40. Rf3 f5 41. Bb5 Kf6 42. Bc6 g5 43.
hxg5+ hxg5 44. Bb5 f4 45. gxf4 gxf4 46. Kc2 Rh7 47. b4 Rh2+ 48. Kb3 Ke5 49. bxa5 bxa5 50. Bc6 Rh6 51. Ba8 Ra6 52. Kc4 Rxa8 53. Kb5 Ke4 54.
Rf1 f3 55. c4 f2 56. c5 Bxc5 57. Kxc5 Ke3 58. Kc4 Ke2 59. Ra1 f1=Q 60. Ra2+ Kf3+ 61. Kc5 Rc8+ 62. Kb6 Qb1+ 63. Kxa5 Ra8# 0-1

[Event "*** Titled Tuesday Blitz"]
[Site "Chess.com"]
[Date "2020.04.14"]
[Round "9"]
[White "jacky72"]
[Black "Sebastian"]
[Result "0-1"]
[WhiteElo "2710"]
[BlackElo "3001"]
[TimeControl "180+1"]
[EndTime "11:43:58 PDT"]
[Termination "Sebastian won by checkmate"]

1. d4 Nf6 2. c4 e6 3. Nf3 d5 4. Nc3 c5 5. cxd5 Nxd5 6. e4 Nxc3 7. bxc3 cxd4 8. cxd4 Bb4+ 9. Bd2 Bxd2+ 10. Qxd2 O-O 11. Bc4 Nd7 12. O-O b6 13. Rad1 Bb7 14. d5 exd5 15.
Bxd5 Bxd5 16. exd5 Qf6 17. Nd4 Ne5 18. Nc2 Nc4 19. Qd4 Qxd4 20. Rxd4 Nd6 21. Nb4 Rfe8 22. Rc1 Re2 23. g3 g6 24. Rc6 Rd8 25. Rc7 Nb5 26. Nc6 Rf8 27. d6 Nxd4 28. Nxd4 Rd2 29. Nc6 Rxd6 30.
Nxa7 Ra8 31. Nc8 Rd1+ 32. Kg2 Rxa2 33. Nxb6 Rdd2 34. Nd7 Rxf2+ 35. Kh3 h5 36. Kh4 Rf5 37. g4 hxg4 38. Kxg4 Rxh2 39. Rc6 Rg2+ 40. Kh3 Rgf2 41. Kg3 R2f3+ 42. Kg4 Kg7 43. Rc4 Rf1 44. Kg3 Rg1+ 45. Kh2 Rd1 46. Nc5 Rd8 47. Kg3 Rfd5 48. Rc2 Rd4 49.
Kf3 R4d5 50. Ke4 Rf5 51. Ke3 Re8+ 52. Kd4 Rf4+ 53. Kd5 Rf5+ 54. Kd6 g5 55. Rg2 Re1 56.
Rd2 Rxc5 57. Kxc5 Kg6 58. Kd4 f5 59. Ra2 g4 60. Kd3 Kg5 61. Kd2 Re8 62. Ra3 f4 63. Ra8 Rxa8 64. Ke2 Re8+ 65. Kf2 Kh4 66. Kg2 f3+ 67.
Kf1 Kg3 68. Kg1 Re7 69. Kf1 Re6 70. Kg1 Re1# 0-1

[Event "*** Titled Tuesday Blitz"]
[Site "Chess.com"]
[Date "2020.04.14"]
[Round "9"]
[White "Angry_Twin"]
[Black "SCIM"]
[Result "0-1"]
[WhiteElo "2803"]
[BlackElo "2610"]
[TimeControl "180+1"]
[EndTime "11:43:58 PDT"]
[Termination "SCIM won by resignation"]

1. e4 c5 2. Nf3 e6 3. d4 cxd4 4. Nxd4 Nc6 5. Nc3 Qc7 6. g3 a6 7.
Bg2 Nf6 8. O-O Nxd4 9. Qxd4 Bc5 10. Bf4 d6 11. Qd2 h6 12. Na4 e5 13. Nxc5 exf4 14. Nd3 fxg3 15. hxg3 O-O 16. Rad1 Bg4 17. f3 Bd7 18. g4 Bb5 19. Rfe1 Rac8 20. Rc1 Bxd3 21. cxd3 Qb6+ 22. Qf2 Qa5 23. a3 Nd7 24. d4 Rc6 25. f4 Nf6 26. Bf3 Rxc1 27. Rxc1 d5 28. e5 Ne4 29.
Bxe4 dxe4 30. Rc5 Qb6 31. d5 Qg6 32. Qg3 Qb6 33. b4 a5 34. d6 axb4 35. axb4 Qxb4 36. Rc3 Qd4+ 37. Re3 Ra8 38. Kh2 Ra2+ 39. Kh3 Qd1 40. Re1 Qd5 41. f5 e3 42. e6 fxe6 43. fxe6 Qxe6 44.
Rxe3 Qd5 45. Re1 Rb2 46. Re8+ Kh7 47. Qe3 Rb3 48. Qxb3 Qxb3+ 49. Kg2 Qc2+ 50. Kf3 Qd3+ 51. Re3 Qxd6 52. g5 Qc6+ 53. Kg4 hxg5 54. Rh3+ Qh6 55.
Re3 Qf6 56. Rh3+ Qh6 57. Rb3 Qe6+ 58. Kxg5 Qxb3 59. Kh5 Qb5+ 0-1

[Event "*** Titled Tuesday Blitz"]
[Site "Chess.com"]
[Date "2020.04.14"]
[Round "9"]
[White "jefferyx"]
[Black "platy3"]
[Result "1-0"]
[WhiteElo "2904"]
[BlackElo "2753"]
[TimeControl "180+1"]
[EndTime "11:44:00 PDT"]
[Termination "jefferyx won on time"]

1. d4 Nf6 2. c4 e6 3. Nc3 Bb4 4. Nf3 b6 5. Qc2 Bb7 6. a3 Bxc3+ 7. Qxc3 Ne4 8. Qc2 O-O 9. e3 d6 10. Be2 a5 11. b3 Nd7 12. O-O f5 13. Ne1 Qh4 14. f3 Nef6 15. Bb2 Rae8 16. b4 Qg5 17. Qd2 e5 18. Nc2 exd4 19. Bxd4 axb4 20. axb4 Ra8 21. Bb2 Rfe8 22. Rxa8 Rxa8 23. Nd4 Re8 24. Bd3 Qxe3+ 25.
Qxe3 Rxe3 26. Bxf5 Ne5 27. Kf2 Nxc4 28. Rc1 Nxb2 29.
Kxe3 Nd5+ 30. Kd2 c5 31. Nb5 Nxb4 32. Nxd6 Bd5 33. Ra1 g6 34. Be4 Bxe4 35. fxe4 N2d3 36. Ra7 Ne5 37. Rb7 Nbd3 38. Rxb6 Nf4 39. g3 Ne6 40. h3 Kf8 41. Kc3 Ke7 42. Nc8+ Kf6 43. Nd6 Ke7 44.
Nc4 Nf3 45. Rb7+ Kf6 46. Rxh7 Neg5 47. Rc7 Nxe4+ 48. Kd3 Nxg3 49. Rxc5 Ng5 50. Ke3 Ne6 51. Rc6 Nf5+ 52. Kf2 Nd4 53. Rb6 Kf5 54. Ne3+ Ke4 55. Ng2 g5 56. Rb4 Kd5 57. Kg3 Ke4 58. Kg4 Ke5 59. Ne3 Ke4 60. Nc2 Kd3 61. Nxd4 Nxd4 62. Rxd4+ Kxd4 63. Kxg5 1-0

[Event "*** Titled Tuesday Blitz"]
[Site "Chess.com"]
[Date "2020.04.14"]
[Round "9"]
[White "BlueWizzard"]
[Black "Storne89"]
[Result "0-1"]
[WhiteElo "2762"]
[BlackElo "2635"]
[TimeControl "180+1"]
[EndTime "11:44:00 PDT"]
[Termination "Storne89 won by resignation"]

1. d4 Nf6 2. Nc3 d5 3. Bg5 Nbd7 4. Nf3 c5 5. dxc5 e6 6. e4 h6 7. Bxf6 Nxf6 8. exd5 exd5 9. Bb5+ Bd7 10. Qe2+ Be7 11. O-O-O Bxb5 12. Qxb5+ Qd7 13. Qxd7+ Kxd7 14. Nxd5 Nxd5 15.
Rxd5+ Kc6 16. c4 Bf6 17. b4 a5 18. b5+ Kc7 19. Rhd1 Rad8 20. Kc2 Rhe8 21. R1d2 a4 22. h3 Re4 23. Rxd8 Rxc4+ 24. Kd3 Rc3+ 25. Ke4 Bxd8 26. b6+ Kc8 27. Ne5 Rxc5 28. Nxf7 Bxb6 29. Nd6+ Kb8 30.
f4 a3 31. f5 Rc3 32. Kd5 Ba5 33. Re2 Rd3+ 34. Ke6 Bb4 35. Ne8 Bc3 36. Nd6 Bb2 37.
g4 Rxh3 38. Kf7 Rg3 39. Nb5 b6 40. Re4 Kb7 41. Rc4 Ka6 42. Nd6 b5 43. Rc6+ Ka5 44. Rc5 Rxg4 45. Rxb5+ Ka6 46. Rb3 h5 47. Ke6 h4 48.
Kd7 Rg3 49. Rb4 h3 50. Kc6 Rc3+ 51. Nc4 Ka7 52. Kc7 Ka6 53. Kc6 Ka7 54. Rb7+ Ka6 55. Rb6+ Ka7 56. Rb4 h2 57. Rb7+ Ka6 58. Rb6+ Ka7 59.
Rb7+ Ka8 60. Ra7+ 0-1

[Event "*** Titled Tuesday Blitz"]
[Site "Chess.com"]
[Date "2020.04.14"]
[Round "9"]
[White "WhiteKnight2612"]
[Black "IljaJoke"]
[Result "0-1"]
[WhiteElo "2675"]
[BlackElo "2528"]
[TimeControl "180+1"]
[EndTime "11:44:01 PDT"]
[Termination "IljaJoke won on time"]

1. e4 g6 2. Bc4 Bg7 3. Qf3 e6 4. Ne2 Ne7 5. d4 d5 6. Bd3 dxe4 7. Bxe4 Nbc6 8. c3 O-O 9. O-O e5 10. d5 f5 11. dxc6 fxe4 12. Qxe4 Nxc6 13. Ng3 Bf5 14. Qc4+ Kh8 15. Be3 Bd3 16. Qb3 Bxf1 17. Nxf1 b6 18. Nbd2 Qd3 19. Qa4 Ne7 20. Rd1 Rad8 21. Bg5 Bf6 22. Bxf6+ Rxf6 23. Ne3 Qe2 24. Ne4 Rxd1+ 25. Qxd1 Qxd1+ 26. Nxd1 Rf8 27. f3 Rd8 28. Ne3 Nf5 29.
Nc4 Nd6 30. Nxe5 Kg7 31. Nc6 Re8 32. Nxd6 cxd6 33. Kf1 Rc8 34. Nd4 a6 35. Ke2 Kf6 36. Kd3 Ke5 37. g3 g5 38. Ne2 d5 39. Nd4 h5 40. Ke3 h4 41. f4+ gxf4+ 42. gxf4+ Kf6 43.
Nf3 h3 44. Ng5 Kf5 45. Kf3 d4 46. cxd4 Rc2 47. Nxh3 Rxb2 48. Nf2 Rxa2 49. Ke3 b5 50. d5 b4 51. Nd3 b3 52. d6 Ke6 53. f5+ Kxd6 0-1

[Event "*** Titled Tuesday Blitz"]
[Site "Chess.com"]
[Date "2020.04.14"]
[Round "9"]
[White "Borsuk_Konstantin"]
[Black "Tiqr777"]
[Result "1-0"]
[WhiteElo "2501"]
[BlackElo "2619"]
[TimeControl "180+1"]
[EndTime "11:44:02 PDT"]
[Termination "Borsuk_Konstantin won by resignation"]

1. d4 d5 2. c4 dxc4 3. Nf3 e6 4. e3 c5 5. Bxc4 Nc6 6. dxc5 Qxd1+ 7. Kxd1 Bxc5 8. Ke2 Nf6 9. a3 a6 10. b4 Ba7 11. Bb2 b5 12. Bd3 Bb7 13. Nbd2 O-O-O 14. Nb3 Kb8 15. Rac1 Rd5 16. e4 Rd7 17. Nc5 Bxc5 18. Rxc5 Rhd8 19. Bb1 Ne7 20. Be5+ Ka8 21. Bxf6 gxf6 22.
Ke3 Kb8 23. Rhc1 Ng6 24. g3 Rd1 25. Ke2 Rxc1 26. Rxc1 Ne5 27. Nxe5 fxe5 28. Rc5 f6 29. f3 Rc8 30. Rxc8+ Kxc8 31. f4 exf4 32. gxf4 e5 33. Kf3 Kd7 34. fxe5 fxe5 35. Kg4 Ke6 36. Kg5 Bc6 37. h4 Be8 38. Ba2+ Kd6 39. Bd5 h5 40.
Kf6 Bd7 41. Bf7 Bc6 42. Bg6 Bb7 43. Kg5 Ke6 44. Bf5+ Kf7 45. Kxh5 Kf6 46. Kg4 Bc6 47. h5 Be8 48. h6 Bf7 49. h7 Kg7 50. Bc8 Bg6 51. Bxa6 Bxe4 52. Bxb5 Kxh7 53. a4 Kg6 54. a5 Kf6 55. Bc4 Ke7 56. Kg5 Kd6 57. Kg4 Ba8 58. Kg3 Bb7 59. Kf2 Ba8 60. Ke3 Bb7 61. Bd3 Bc8 62. Be4 Ba6 63. Kd2 Bc8 64. Kc3 Bd7 65.
Kc4 Be6+ 66. Kb5 Bd7+ 67. Kb6 1-0